 Dungeon Crawl Stone Soup version 0.25-a0-589-g1e14c549ee (webtiles) character file.

Game seed: 1734071221306462820, levelgen mode: deterministic

1429 Gynju the Thaumaturge (level 8, -5/46 (48) HPs)
             Began as a Deep Elf Wizard on Mar 13, 2020.
             Was an Initiate of Vehumet.
             Slain by an orc warrior
             ... wielding a +0 dire flail of protection
              (20 damage)
             ... on level 6 of the Dungeon.
             The game lasted 00:27:33 (9316 turns).

Gynju the Thaumaturge (Deep Elf Wizard)             Turns: 9316, Time: 00:27:33

HP:   -5/46 (48)    AC:  5    Str:  6    XL:     8   Next: 44%
MP:   9/32          EV: 14    Int: 24    God:    Vehumet [......]
Gold: 266           SH:  0    Dex: 13    Spells: 15/26 levels left

rFire    . . .     SeeInvis .   u - +1 morningstar
rCold    . . .     Gourm    .   (no shield)
rNeg     . . .     Faith    .   f - +0 leather armour
rPois    .         Spirit   .   b - +2 hat
rElec    .         Reflect  .   (no cloak)
rCorr    .         Harm     .   (no gloves)
MR       .....                  (no boots)
Stlth    +++.......             (no amulet)
HPRegen  0.15/turn              n - ring of stealth
MPRegen  0.23/turn              h - ring of magical power

@: no status effects
A: no striking features
a: Renounce Religion


You were on level 6 of the Dungeon.
You worshipped Vehumet.
Vehumet was noncommittal.
You were hungry.

You visited 2 branches of the dungeon, and saw 8 of its levels.

You collected 266 gold pieces.

Inventory:

Hand Weapons
 e - a +0 whip of draining
 s - a +2 whip of venom
 u - a +1 morningstar (weapon)
Missiles
 p - 2 atropa-tipped darts (quivered)
Armour
 a - a +0 robe
 b - a +2 hat (worn)
 f - a +0 leather armour (worn)
Jewellery
 h - a ring of magical power (right hand)
 n - a ring of stealth (left hand)
Wands
 q - a wand of paralysis (4)
 t - a wand of iceblast (11)
Scrolls
 k - 3 scrolls of teleportation
 m - a scroll of amnesia
Potions
 c - a potion of haste {unknown}
 g - a potion of flight {unknown}
 i - 2 potions of cancellation
 j - 4 potions of curing {@q1}
 l - 3 potions of degeneration
 r - a potion of berserk rage {unknown}
 w - a potion of stabbing {unknown}
Comestibles
 d - 8 rations


   Skills:
 + Level 3.6 Fighting
 + Level 6.0 Dodging
 + Level 2.7 Stealth
 + Level 9.7 Spellcasting
 - Level 5.0 Conjurations
 - Level 1.1 Summonings
 - Level 1.1 Translocations


You had 15 spell levels left.
You knew the following spells:

 Your Spells              Type           Power        Failure   Level  Hunger
a - Magic Dart            Conj           ####         1%          1    None
b - Blink                 Tloc           N/A          9%          2    None
c - Call Imp              Summ           ###.....     9%          2    None
d - Conjure Flame         Conj/Fire      ###.....     9%          3    None
e - Mephitic Cloud        Conj/Pois/Air  ###.....     13%         3    None

Your spell library contained the following spells:

 Spells                   Type           Power        Failure   Level  Hunger
 Slow                     Hex            ##......     13%         2    None


Dungeon Overview and Level Annotations

Branches:
Dungeon (7/15)             Temple (1/1) D:5

Altars:
Ashenzari
Cheibriados
Dithmenos
Elyvilon
Fedhas
Gozag
Hepliaklqana
Kikubaaqudgha
Nemelex Xobeh
Okawaru
Qazlal
Ru
Sif Muna
Trog
Uskayaw
Vehumet
Wu Jian
Xom
Yredelemnul
Zin
The Shining One

Shops:
D:6 (

Annotations:
D:3 1 runed translucent door, An17's ghost, amateur FeEn
D:5 5 runed translucent doors


Message History

The magic dart hits the orc warrior but does no damage.
The orc warrior is severely wounded.
The orc warrior barely misses you.
Casting: Magic Dart (safe; 1% risk of failure)
Confirm with . or Enter, or press ? or * to list all spells.
Aiming: Magic Dart (safe; 1% risk of failure)
Press: ? - help, Shift-Dir - straight line, f/p - orc warrior
Aim: an orc warrior, wielding a +0 dire flail of protection and wearing a cursed -2 chain mail (severely wounded)
The magic dart hits the orc warrior but does no damage.
The orc warrior is severely wounded.
The orc warrior barely misses you.
Casting: Magic Dart (safe; 1% risk of failure)
Confirm with . or Enter, or press ? or * to list all spells.
Aiming: Magic Dart (safe; 1% risk of failure)
Press: ? - help, Shift-Dir - straight line, f/p - orc warrior
Aim: an orc warrior, wielding a +0 dire flail of protection and wearing a cursed -2 chain mail (severely wounded)
The magic dart hits the orc warrior.
The orc warrior is almost dead.
The orc warrior hits you with a +0 dire flail of protection!!
You die...

##...#............# #.# ##
...#.#.####..##########.# #.
.###.#.# #.............# #. .#
#.#.# ##.#.#######.## #####. ##
#.#.#####.#.#######.#####...#.
####...............##..<.....#...
......#####.....#...#..#####...##
.###..# #.###...#.#...# #..##
..##..# #.#....@......# #.)#
......# #.#.#..o#.#.#.# #..#
..###.# ##.....#...##.# #..# .##
#.# ##.#.[.......# #..# ## #.#
#.#..>....### #..# # #.#
#.#.#.#.#.#######..# #.#
###.#.#.#............# #.#
#...#.#.###.####.#.#.# #.#
#.###.#.# #.# #.#.#.#


You could see an orc warrior.

Vanquished Creatures
  A hornet (D:6)
  A necrophage (D:6)
  A centaur (D:6)
  A bullfrog (D:5)
  A scorpion (D:6)
  A howler monkey (D:4)
  2 crimson imps
  2 bullfrog zombies
  2 hounds (D:5)
  A jelly (D:6)
  A centaur skeleton (D:5)
  An orc priest (D:5)
  A worker ant (D:5)
  2 hound skeletons (D:5)
  A howler monkey skeleton (D:7)
  3 shadow imps
  An ooze (D:2)
  2 worms (D:5)
  3 dart slugs
  5 leopard geckos
  4 orcs
  5 giant cockroaches
  10 goblins
  4 hobgoblins
  6 jackals
  7 kobolds
  4 quokkas
  2 ball pythons
  6 bats
  8 frilled lizards
  A jackal skeleton (D:4)
  10 rats
100 creatures vanquished.

Vanquished Creatures (collateral kills)
  An orc warrior (D:7)
  An ice beast (D:2)
  A phantom (D:4)
  A necrophage (D:6)
  3 bullfrogs
  2 crimson imps
  A jelly (D:6)
  3 hounds
  An orc priest (D:6)
  A centaur skeleton (D:4)
  2 iguanas (D:4)
  2 orc wizards
  A worker ant (D:6)
  3 gnolls (D:2)
  3 adders
  An adder skeleton (D:4)
  2 worms
  4 orcs
  2 bats
  A hobgoblin (D:2)
  4 jackals
  A kobold (D:3)
  2 frilled lizards (D:3)
  2 rats (D:5)
45 creatures vanquished.

Grand Total: 145 creatures vanquished

Notes
Turn   | Place    | Note
-------+----------+-------------------------------------------
     0 | D:1      | Gynju the Deep Elf Wizard began the quest for the Orb.
     0 | D:1      | Reached XP level 1. HP: 10/10 MP: 7/7
   182 | D:1      | Reached skill level 5 in Spellcasting
   225 | D:1      | Reached XP level 2. HP: 14/15 MP: 2/10
   345 | D:1      | Learned a level 2 spell: Blink
   348 | D:1      | Learned a level 2 spell: Call Imp
  1316 | D:2      | Reached XP level 3. HP: 19/19 MP: 9/12
  1349 | D:2      | Reached skill level 6 in Spellcasting
  1560 | D:2      | Found a basalt altar of Yredelemnul.
  1769 | D:2      | Noticed an ice beast
  1781 | D:2      | Killed an ice beast
  1781 | D:2      | Reached skill level 7 in Spellcasting
  1781 | D:2      | Reached XP level 4. HP: 24/24 MP: 1/15
  2697 | D:3      | Noticed a bullfrog
  3057 | D:3      | Killed a bullfrog
  3057 | D:3      | Reached skill level 8 in Spellcasting
  3057 | D:3      | Reached XP level 5. HP: 21/28 MP: 6/17
  3165 | D:3      | Found a runed translucent door.
  3166 | D:3      | Noticed An17's ghost (amateur FeEn)
  3169 | D:3      | Noticed a hungry ghost
  4081 | D:4      | Reached skill level 9 in Spellcasting
  4081 | D:4      | Reached XP level 6. HP: 32/32 MP: 12/20
  4544 | D:4      | Learned a level 3 spell: Conjure Flame
  4548 | D:4      | Learned a level 3 spell: Mephitic Cloud
  4796 | D:5      | Entered Level 5 of the Dungeon
  4965 | D:5      | Reached skill level 1 in Fighting
  5103 | D:5      | Noticed a moth of wrath
  5105 | D:5      | Found a bloodstained altar of Trog.
  5245 | D:5      | Noticed a water moccasin
  5249 | D:5      | Found the +9 staff of Olgreb {rPois∞}
  5564 | D:5      | Found a glowing golden altar of the Shining One.
  5568 | D:5      | Reached XP level 7. HP: 38/38 MP: 11/22
  5818 | D:5      | Found a runed translucent door.
  5823 | D:5      | Found a runed translucent gate.
  5823 | D:5      | Found a runed translucent gate.
  5824 | D:5      | Found a runed translucent door.
  5836 | D:5      | Found a runed translucent gate.
  5926 | D:5      | Found a staircase to the Ecumenical Temple.
  5935 | Temple   | Entered the Ecumenical Temple
  6088 | Temple   | Became a worshipper of Vehumet
  6448 | D:5      | Found a snail-covered altar of Cheibriados.
  7617 | D:6      | Reached skill level 5 in Dodging
  7617 | D:6      | Reached XP level 8. HP: 19/43 MP: 11/23
  7892 | D:6      | Noticed a hornet
  7932 | D:6      | Killed a hornet
  8332 | D:6      | Found Unked's Antique Weapon Shoppe.
  8819 | D:7      | Found a hide-covered altar of Uskayaw.
  8833 | D:7      | Found a shimmering altar of Xom.
  8849 | D:7      | Reached skill level 5 in Conjurations
  9316 | D:6      | Slain by an orc warrior

Levels and vault maps discovered:
D:1:      psy_arrival_fountain, layout_basic, serial_rivers,
          chequers_serial_rivers_marsh, chequers_serial_rivers_micro_a,
          chequers_serial_rivers_micro_a, chequers_serial_rivers_micro_d
D:2:      layout_basic, nicolae_overflow_crystal_walls,
          hangedman_decor_diamond_cutter, grunt_ministairs_1,
          minmay_strange_pillars
D:3:      layout_rooms, first_ration, ebering_ghost_inner_flame,
          minmay_misc_feat_chi, hangedman_abyss_or_decor_lesser_grid,
          ebering_dispersal_statue_hall
D:4:      layout_rooms, minmay_misc_feat_four_crosses
D:5:      layout_loops_cross, tgw_trog, lemuel_coloured_pillars_altar,
          lemuel_round_altar, minmay_temple_entry_nine_rooms,
          minmay_guarded_unrand_staff_of_olgreb
D:6:      layout_loops_ring, serial_shops, nicolae_shop_statue_plus,
          kennysheep_generic_room_3
D:7:      layout_cave_pools, overflow_temple_1_default, basic_altar
Temple:   regret_index_temple_sphere_string

Skill      XL: |  1  2  3  4  5  6  7  8 |
---------------+-------------------------+-----
Spellcasting   | 5 7 8 9 |  9.7
Dodging        | 3 5 6 |  6.0
Fighting       | 1 2 3 |  3.6
Conjurations   | 2 4 5 |  5.0
Stealth        | |  2.7
Summonings     | |  1.1
Translocations | |  1.1

Action                   |  1- 3 |  4- 6 |  7- 9 || total
-------------------------+-------+-------+-------++-------
Melee: Whip              |       |     1 |       ||     1
 Cast: Magic Dart        |    74 |   156 |   146 ||   376
       Call Imp          |    13 |    46 |    83 ||   142
       Conjure Flame     |       |       |     3 ||     3
       Blink             |       |       |     2 ||     2
       Mephitic Cloud    |       |       |     1 ||     1
Evoke: Wand              |       |       |     5 ||     5
  Use: Scroll            |       |     5 |     7 ||    12
  Eat: Chunk             |     2 |    12 |     7 ||    21
       Ration            |       |       |     1 ||     1
Armor: Robe              |     1 |       |       ||     1
       Leather armour    |       |    10 |    12 ||    22
Dodge: Dodged            |     9 |    37 |    43 ||    89

Table legend:
 A = Non-vault XP
 B = Vault XP
 C = Vault XP percentage of total XP
 D = Non-vault monster count
 E = Vault monster count
 F = Vault count percentage of total count
                 A         B        C        D         E       F
            +---------+---------+-------+---------+---------+-------
      Total |    1917 |     125 |   6.1 |     137 |       8 |   5.5
            +---------+---------+-------+---------+---------+-------
        D:1 |      37 |       0 |   0.0 |      21 |       0 |   0.0
        D:2 |     134 |       2 |   1.5 |      26 |       2 |   7.1
        D:3 |      82 |       0 |   0.0 |      26 |       0 |   0.0
        D:4 |     267 |       0 |   0.0 |      16 |       0 |   0.0
        D:5 |     444 |       8 |   1.8 |      22 |       5 |  18.5
        D:6 |     845 |     115 |  12.0 |      22 |       1 |   4.3
        D:7 |     108 |       0 |   0.0 |       4 |       0 |   0.0
            +---------+---------+-------+---------+---------+-------
